 Dungeon Crawl Stone Soup version 0.26.1-11-gd32895ea62 (webtiles) character file.

Game seed: 11327629757661758584

154 Zeld the Slasher (level 5, -1/38 HPs)
             Began as a Human Gladiator on June 4, 2021.
             Slain by Crazy Yiuf
             ... wielding a +4 quarterstaff of chaos
              (14 damage)
             ... on level 2 of the Dungeon.
             The game lasted 00:03:53 (4006 turns).

Zeld the Slasher (Human Gladiator)                  Turns: 4006, Time: 00:03:54

Health: -1/38      AC:  4    Str: 15    XL:     5   Next: 62%
Magic:  5/5        EV: 18    Int:  8    God:
Gold:   137        SH:  0    Dex: 15    Spells: 4/4 levels left

rFire    . . .     SeeInvis .   a - +0 long sword
rCold    . . .     Faith    .   (no shield)
rNeg     . . .     Spirit   .   b - +0 leather armour
rPois    .         Reflect  .   c - +0 helmet
rElec    .         Harm     .   (no cloak)
rCorr    .         Rampage  .   (no gloves)
Will     .....                  (no boots)
Stlth    +.........             (no amulet)
HPRegen  0.12/turn              (no ring)
MPRegen  0.09/turn              (no ring)

@: agile, slowed, very slow
A: no striking features
a: no special abilities


You were on level 2 of the Dungeon.
You visited 1 branch of the dungeon, and saw 2 of its levels.

You collected 137 gold pieces.

Inventory:

Hand Weapons
 a - a +0 long sword (weapon)
Missiles
 d - 3 throwing nets
 i - 16 poisoned darts (quivered)
Armour
 b - a +0 leather armour (worn)
 c - a +0 helmet (worn)
Scrolls
 e - 2 scrolls of teleportation {unknown}
 g - 2 scrolls of identify {unknown}
 j - a scroll of remove curse {unknown}
Potions
 f - a potion of heal wounds {unknown}
 h - a potion of invisibility {unknown}


   Skills:
 - Level 2.0 Fighting
 * Level 4.6 Long Blades
 * Level 4.0 Throwing
 - Level 3.0 Dodging


You had 4 spell levels left.
You didn't know any spells.
Your spell library was empty.

Dungeon Overview and Level Annotations

Branches:
Dungeon (2/15)

Altars:

Annotations:
D:2 Crazy Yiuf


Message History

Crazy Yiuf closely misses you.
You riposte.
You closely miss Crazy Yiuf.
Crazy Yiuf is heavily wounded.
Crazy Yiuf hits you with a +4 quarterstaff of chaos.
You are electrocuted!
You are too injured to fight recklessly!
You hit Crazy Yiuf but do no damage.
Crazy Yiuf is heavily wounded.
Crazy Yiuf whimpers, "Citrus water meccalolo!"
Crazy Yiuf hits you with a +4 quarterstaff of chaos.
You feel agile all of a sudden.
Crazy Yiuf flaps his cloak.
Crazy Yiuf misses you. Crazy Yiuf barely misses you.
You riposte.
You barely miss Crazy Yiuf.
Crazy Yiuf is heavily wounded.
Crazy Yiuf completely misses you.
You riposte.
You closely miss Crazy Yiuf.
Crazy Yiuf is heavily wounded.
You hit Crazy Yiuf.
Crazy Yiuf is heavily wounded.
Crazy Yiuf hits you with a +4 quarterstaff of chaos!
You die...

#####
#########
#).)#
#.......#
#)).#
#..####.#
########
#)..# ##.#
#.# .......#
#g# #.# #.#
######.#
#@## #.# #.#
#)# ##.# #.#
#.#
###.#####
#.## #.# #.#
####..).<..#
##)# #.# #.#
.....#.#####
##)## #.#
#.# ####...#
##...#
##.####.#
######.#
#..#.#
#.......#
....##[#
#....#
##.######
###.##.#
#....# #.#


You could see Crazy Yiuf (fast).

Vanquished Creatures
  Jessica (D:2)
  4 gnolls
  3 adders (D:2)
  5 worms (D:2)
  3 dart slugs (D:1)
  A leopard gecko (D:1)
  2 giant cockroaches (D:1)
  9 goblins
  A hobgoblin (D:1)
  7 bats
  3 frilled lizards (D:1)
  6 kobolds
  5 rats
50 creatures vanquished.

Notes
Turn   | Place    | Note
-------+----------+-------------------------------------------
     0 | D:1      | Zeld the Human Gladiator began the quest for the Orb.
     0 | D:1      | Reached XP level 1. HP: 16/16 MP: 1/1
   177 | D:1      | Reached XP level 2. HP: 22/22 MP: 2/2
   609 | D:1      | Reached XP level 3. HP: 22/27 MP: 3/3
  1059 | D:2      | Noticed Jessica
  1089 | D:2      | Killed Jessica
  1090 | D:2      | Reached XP level 4. HP: 13/33 MP: 4/4
  1433 | D:2      | Noticed a phantom
  2953 | D:2      | Reached XP level 5. HP: 12/38 MP: 5/5
  3996 | D:2      | Found a runed translucent door.
  3997 | D:2      | Noticed Crazy Yiuf
  4006 | D:2      | Slain by Crazy Yiuf

Illustrated notes

Levels and vault maps discovered:
D:1:      dpeg_arrival_central, layout_basic, minmay_tetromino_s4
D:2:      layout_loops_ring, grunt_ministairs_14, minmay_misc_feat_rugged,
          uniq_jessica, uniq_crazy_yiuf_cottage

Skill      XL: |  1  2  3  4  5 |
---------------+----------------+-----
Throwing       | 3 4 |  4.0
Long Blades    | 4 |  4.6
Fighting       | |  2.0
Dodging        | |  3.0

Action                   |  1- 3 |  4- 6 || total
-------------------------+-------+-------++-------
Melee: Long sword        |    72 |   123 ||   195
 Stab: Sleeping          |     1 |       ||     1
Armor: Leather armour    |    24 |    30 ||    54
Dodge: Dodged            |    47 |    96 ||   143
       Rpst.: Long sword |    13 |    31 ||    44
